 Dungeon Crawl Stone Soup version 0.29.0-3-gbb0933ed62 (webtiles) character file.

Game seed: 16619839786696315239

119 keekatzer the Ruffian (level 4, 0/61 HPs)
             Began as a Troll Transmuter on Aug 26, 2022.
             Slain by Ijyb
             ... wielding a +2 dagger of venom
              (2 damage)
             ... on level 3 of the Dungeon.
             The game lasted 00:08:46 (1247 turns).

keekatzer the Ruffian (Troll Transmuter)            Turns: 1247, Time: 00:08:46

Health: 0/61       AC:  4    Str: 18    XL:     4   Next: 73%
Magic:  5/5        EV: 10    Int: 17    God:
Gold:   122        SH:  0    Dex: 10    Spells: 3/6 levels left

rFire   . . .      SeeInvis .     - Unarmed
rCold   . . .      Faith    .   (no shield)
rNeg    . . .      Spirit   .   e - +0 robe
rPois   .          Reflect  .   (helmet restricted)
rElec   .          Harm     .   (no cloak)
rCorr   .          Rampage  .   (gloves unavailable)
Will    .....                   (boots unavailable)
Stlth   ..........              (no amulet)
HPRegen 1.00/turn               l - +6 ring of intelligence
MPRegen 0.09/turn               a - ring of wizardry

@: confused, berserking, lethally poisoned (0 -> 0), attractive, flying, very
quick
A: large, unfitting armour, claws 3, regeneration 1, shaggy fur 1, tough skin 1
a: no special abilities


You were on level 3 of the Dungeon.
You visited 1 branch of the dungeon, and saw 3 of its levels.

You collected 122 gold pieces.

Inventory:

Armour
 e - a +0 robe (worn)
 j - a +0 kite shield
Jewellery
 a - a ring of wizardry (right claw)
 l - a +6 ring of intelligence (left claw)
Wands
 o - a wand of digging (3)
Scrolls
 c - 2 scrolls of enchant weapon {unknown}
 d - 3 scrolls of identify {unknown}
 f - a scroll of vulnerability {unknown}
 g - a scroll of fear {unknown}
 h - 3 scrolls of teleportation {unknown}
 m - a scroll of amnesia {unknown}
Potions
 b - a potion of lignification
 k - a potion of attraction


   Skills:
 * Level 1.4 Fighting
 * Level 2.1 Dodging
 + Level 4.2 Unarmed Combat
 * Level 1.6 Spellcasting
 * Level 1.6 Transmutations
 * Level 0.3 Ice Magic


You had 3 spell levels left.
You knew the following spells:

 Your Spells              Type           Power      Damage    Failure   Level
a - Beastly Appendage     Tmut           14%        N/A       4%          1
b - Wereblood             Tmut           7%         N/A       6%          2

Your spell library contained the following spells:

 Spells                   Type           Power      Damage    Failure   Level
 Spider Form              Tmut/Pois      4%         N/A       16%         3
 Gell's Gravitas          Tloc           1%         N/A       24%         3
 Teleport Other           Tloc           1%         N/A       24%         3
 Ice Form                 Ice/Tmut       4%         N/A       45%         4
 Dispersal                Tloc           0%         N/A       100%        6


Dungeon Overview and Level Annotations

Branches:
Dungeon (3/15)

Altars:
Wu Jian

Annotations:
D:3 Ijyb


Innate Abilities, Weirdness & Mutations

You are too large for most types of armour.
You have claws for hands.
Your natural rate of healing is unusually fast.
You are covered in fur. (AC +1)
You have tough skin. (AC +1)


Message History

You bump into the rock wall.
You feel sick.
You bump into the rock wall.
You feel sick.
Ijyb hits you with a +2 dagger of venom.
You are more poisoned.
You scratch Ijyb.
Ijyb is lightly wounded.
You feel very sick. Ijyb barely misses you.
You bump into the rock wall.
You feel very sick.
Ijyb zaps a wand.
Your will is overpowered!
You are more confused.
You bump into the rock wall.
You feel sick.
Ijyb zaps a wand.
You resist with some effort.
You bump into the rock wall.
You feel sick.
Ijyb hits you with a +2 dagger of venom.
You are more poisoned.
It was a potion of attraction.
You feel attractive to monsters.
You feel very sick.
Ijyb hits you with a +2 dagger of venom.
* * * LOW HITPOINT WARNING * * *
It was a potion of flight.
You feel very buoyant.
You fly up into the air.
* * * LOW HITPOINT WARNING * * *
You feel very sick. Ijyb completely misses you.
* * * LOW HITPOINT WARNING * * *
You feel very sick.
You bump into the rock wall.
* * * LOW HITPOINT WARNING * * *
You feel sick.
Ijyb hits you with a +2 dagger of venom.
* * * LOW HITPOINT WARNING * * *
It was a potion of berserk rage.
A red film seems to cover your vision as you go berserk!
You feel yourself moving faster!
You feel mighty!
You feel sick.
Ijyb hits you with a +2 dagger of venom.
You die...

#.. #.# #.# ##.### #.#
#######..... #.#
#......>.... #.#
#.##........ #.#
#.#.........
##.########.#.........
#...g@..............†.
###########...........
###.....)...
#...........
#####.#####.
##.#.#.###.
##..#.#..##(
#.P.#.#...#.
#######.#..P#.


You could see Ijyb.

Vanquished Creatures
  Robin (D:2)
  An adder (D:2)
  A gnoll (D:1)
  A dart slug (D:2)
  5 orcs (D:3)
  6 endoplasms
  A giant cockroach (D:2)
  19 goblins
  4 hobgoblins
  7 jackals
  4 kobolds
  3 quokkas
  5 ball pythons
  7 bats
  2 frilled lizards
  3 rats
70 creatures vanquished.

Notes
Turn   | Place    | Note
-------+----------+-------------------------------------------
     0 | D:1      | keekatzer the Troll Transmuter began the quest for the Orb.
     0 | D:1      | Reached XP level 1. HP: 18/18 MP: 1/1
   182 | D:1      | Reached XP level 2. HP: 22/26 MP: 3/3
   188 | D:1      | Reached skill level 1 in Fighting
   300 | D:1      | Found a faded altar of an unknown god.
   337 | D:1      | Reached XP level 3. HP: 33/33 MP: 2/4
   731 | D:2      | Noticed Robin
   743 | D:2      | Reached XP level 4. HP: 38/41 MP: 5/5
   755 | D:2      | Killed Robin
   756 | D:2      | Reached skill level 4 in Unarmed Combat
   981 | D:3      | Found an ornate altar of the Wu Jian Council.
  1061 | D:3      | Learned a level 2 spell: Wereblood
  1232 | D:3      | Noticed Ijyb
  1246 | D:3      | HP: 2/41 [Ijyb/+2 dagger of venom (1)]
  1247 | D:3      | Slain by Ijyb

Illustrated notes

Levels and vault maps discovered:
D:1:      minmay_arrival_nine_rooms, layout_rooms,
          shapermc_ecumenical_altar_acropolis
D:2:      layout_rooms, uniq_robin
D:3:      layout_basic, nzn_wu_jian_contemplation, serial_aquarium,
          aquarium_bridge_long_joined [aquarium_subvault_wall,
          aquarium_subvault_bridge, aquarium_subvault_bridge,
          aquarium_subvault_balcony, aquarium_subvault_balcony,
          aquarium_subvault_wall], aquarium_window_2,
          aquarium_window_corridor_1, aquarium_window_2, aquarium_view_2g,
          aquarium_balcony_5b, bh_walls_and_bars, uniq_ijyb

Skill      XL: |  1  2  3  4 |
---------------+-------------+-----
Fighting       | 1 |  1.4
Dodging        | 2 |  2.1
Unarmed Combat | 4 |  4.2
Spellcasting   | |  1.6
Transmutations | |  1.6
Ice Magic      | |  0.3

Action                   |  1- 3 |  4- 6 || total
-------------------------+-------+-------++-------
Melee: Unarmed           |   110 |    53 ||   163
       Kick              |     3 |     2 ||     5
       Headbutt          |     2 |     4 ||     6
       Punch             |     1 |     1 ||     2
 Cast: Beastly Appendage |     2 |     2 ||     4
  Use: Potion            |       |     3 ||     3
Armor: Robe              |    46 |     9 ||    55
Dodge: Dodged            |    49 |    21 ||    70
